 Dungeon Crawl Stone Soup version 0.27-a0-1137-g3ef0f4ec91 (webtiles) character file.

Game seed: 818000164276260810

26 kae the Skirmisher (level 2, -1/24 HPs)
             Began as a Demonspawn Abyssal Knight on May 6, 2021.
             Was a Follower of Lugonu.
             Slain by a goblin
             ... wielding a +0 club
             ... led by Robin
              (4 damage)
             ... on level 2 of the Dungeon.
             The game lasted 00:00:48 (1490 turns).

kae the Skirmisher (Demonspawn Abyssal Knight)      Turns: 1490, Time: 00:00:49

Health: -1/24      AC:  4    Str: 12    XL:     2   Next: 89%
Magic:  4/4        EV: 11    Int: 13    God:    Lugonu [*.....]
Gold:   80         SH:  4    Dex: 12    Spells: 1/1 levels left

rFire    . . .     SeeInvis .   a - +1 falchion
rCold    . . .     Faith    .   (no shield)
rNeg     . . .     Spirit   .   b - +1 leather armour
rPois    .         Reflect  .   (no helmet)
rElec    .         Harm     .   (no cloak)
rCorr    .         Rampage  .   (no gloves)
Will     .....                  (no boots)
Stlth    +.........             (no amulet)
HPRegen  0.08/turn              (no ring)
MPRegen  0.09/turn              (no ring)

@: lethally poisoned (-1 -> -6)
A: large bone plates 1
a: Renounce Religion, Depart the Abyss


You were on level 2 of the Dungeon.
You worshipped Lugonu.
Lugonu was aware of your devotion.
You visited 1 branch of the dungeon, and saw 2 of its levels.
You visited the Abyss 1 time.

You collected 80 gold pieces.

Inventory:

Hand Weapons
 a - a +1 falchion (weapon)
Armour
 b - a +1 leather armour (worn)
Wands
 c - a wand of mindburst (13)
 d - a wand of paralysis (15)
Scrolls
 f - a scroll of fog {unknown}
Potions
 e - a potion of curing {unknown}


   Skills:
 + Level 3.2 Fighting
 + Level 2.1 Long Blades
 + Level 2.1 Armour
 + Level 1.3 Dodging
 + Level 2.9 Invocations


You had one spell level left.
You didn't know any spells.
Your spell library contained the following spells:

 Spells                   Type           Power      Damage    Failure   Level
 Confusing Touch          Hex            0%         N/A       75%         3
 Gell's Gravitas          Tloc           0%         N/A       75%         3
 Petrify                  Tmut/Erth      0%         N/A       98%         4
 Metabolic Englaciation   Hex/Ice        0%         N/A       100%        5
 Yara's Violent Unravell  Hex/Tmut       0%         3d3       100%        5


Dungeon Overview and Level Annotations

Branches:
Dungeon (2/15)

Altars:

Annotations:
D:2 Robin


Innate Abilities, Weirdness & Mutations

You are partially covered in large bone plates. (SH +4)


Message History

2 goblins, 3 hobgoblins and Robin come into view.
Robin is wielding a +0 mace and carrying a wand of polymorph (5).
The hobgoblin shouts! x3; The goblin shouts! x2
The goblin hits you with a +0 club.
A goblin comes into view. It is wielding a +0 club.
Robin roars a battlecry!
The goblins go into a battle-frenzy!
The hobgoblin moves out of view.
You see here a +0 club.
There are monsters nearby!
You barely miss the goblin. The goblin hits you but does no damage.
The goblin misses you.
You hit the goblin.
The goblin is heavily wounded.
The goblin completely misses you.
The goblin hits you with a +2 dagger of venom.
The goblin hits you with a +0 club. The goblin barely misses you.
You riposte.
You miss the goblin.
There are monsters nearby!
Robin throws the goblin at you! The goblin hits you with a +0 club.
You closely miss the goblin. Robin throws the goblin at you!
The goblin barely misses you. You block the goblin's attack. x2
The goblin barely misses you.
You riposte.
You barely miss the goblin. The goblin closely misses you.
The goblin barely misses you.
You riposte.
You hit the goblin.
The goblin is moderately wounded.
The goblin barely misses you.
You riposte.
You barely miss the goblin. You barely miss the goblin.
The goblin barely misses you. The goblin closely misses you.
You riposte.
You hit the goblin.
The goblin is heavily wounded.
The goblin hits you with a +2 dagger of venom.
You are poisoned.
The goblin hits you with a +0 dagger.
* * * LOW HITPOINT WARNING * * *
The goblin barely misses you.
You closely miss the goblin.
* * * LOW HITPOINT WARNING * * *
You feel very sick. The goblin hits you with a +0 club.
You die...

#......# #......# ......#
..... ..g. ##########gg###
# #........gggg.+ ...
#####.#########gg##...##
...............g@g......
###.#######.####g#.###.#
#.# #.# #.#.# #.#
#.####...# ###.# #.##.....#
....#######.##.....#
..........#.....<..##.._..#
#########.####.....##.....
#...............##..⌠.


You could see Robin, 3 hobgoblins and 8 goblins.

Vanquished Creatures
  2 dart slugs (D:1)
  4 endoplasms (D:1)
  A giant cockroach (D:2)
  5 hobgoblins (D:1)
  2 kobolds (D:1)
  2 ball pythons (D:1)
  A bat (D:1)
  2 goblins
19 creatures vanquished.

Notes
Turn   | Place    | Note
-------+----------+-------------------------------------------
     0 | Abyss:1  | kae the Demonspawn Abyssal Knight began the quest for the
                  | Orb.
     0 | Abyss:1  | Reached XP level 1. HP: 18/18 MP: 2/2
     6 | Abyss:1  | Found a corrupted altar of Lugonu.
    80 | Abyss:2  | Noticed a hell hog
   110 | Abyss:3  | Noticed a blink frog
   119 | D:1      | Escaped the Abyss
   231 | D:1      | Reached skill level 1 in Dodging
   484 | D:1      | Gained mutation: You are partially covered in large bone
                  | plates. (SH +4) [demonic ancestry]
   484 | D:1      | Reached XP level 2. HP: 24/24 MP: 4/4
   567 | D:1      | Reached * piety under Lugonu
  1436 | D:2      | Found a faded altar of an unknown god.
  1484 | D:2      | Noticed Robin
  1490 | D:2      | Slain by a goblin

Illustrated notes

Levels and vault maps discovered:
D:1:      kennysheep_arrival_seaside, layout_basic, serial_corexii_hall,
          chequers_hall_statues_corner_a, corexii_hall_statues_x, minivault_26,
          chequers_garden
D:2:      layout_basic, hellmonk_ecumenical_altar_run_dry, uniq_robin

Skill      XL: |  1  2 |
---------------+-------+-----
Dodging        | 1 |  1.3
Long Blades    | 2 |  2.1
Armour         | 2 |  2.1
Fighting       | |  3.2
Invocations    | |  2.9

Action                   || total
-------------------------++-------
Melee: Falchion          ||    60
Invok: Depart the Abyss  ||     1
  Use: Scroll            ||     1
 Stab: Sleeping          ||     1
Armor: Leather armour    ||    14
Dodge: Dodged            ||    40
Block: Other             ||     7
       Rpst.: Falchion   ||    13

Table legend: (Time is in decaauts)
 A = Elapsed time spent in this place.
 B = Non-inter-level travel time spent in this place.
 C = Inter-level travel time spent in this place.
 D = Time resting spent in this place.
 E = Time spent auto-exploring this place.
 F = Levels seen in this place.
 G = Mean time per level.
                   A        B        C        D        E       F      G
               +--------+--------+--------+--------+--------+-----+--------+
         Total |   1505 |   1436 |     69 |     26 |   1247 |   5 |  301.0 |
       Dungeon |   1386 |   1317 |     69 |      0 |   1180 |   2 |  693.0 |
         Abyss |    119 |    119 |      0 |     26 |     67 |   3 |   39.7 |
               +--------+--------+--------+--------+--------+-----+--------+

Top non-repeatable levels by time:
     D:1: 1323 daAuts
 Abyss:2: 67 daAuts
     D:2: 63 daAuts
 Abyss:3: 36 daAuts
 Abyss:1: 15 daAuts
